 Dungeon Crawl Stone Soup version 0.24.0-13-gcf9b319 (webtiles) character file.

Game seed: 17373680750877404294, levelgen mode: deterministic

341 Fang the Covered (level 6, 0/40 HPs)
             Began as a Gargoyle Fighter on Jan 3, 2020.
             Slain by Duvessa
             ... wielding a +0 short sword
              (6 damage)
             ... on level 5 of the Dungeon.
             The game lasted 00:02:58 (3136 turns).

Fang the Covered (Gargoyle Fighter)                 Turns: 3136, Time: 00:02:59

Health: 0/40       AC: 11    Str: 22    XL:     6   Next: 56%
Magic:  6/6        EV:  7    Int:  8    God:
Gold:   158        SH:  9    Dex:  9    Spells: 5/5 levels left

rFire    . . .     SeeInvis .   a - +0 war axe
rCold    . . .     Gourm    .   B - +0 shield
rNeg     + . .     Faith    .   b - +0 scale mail
rPois    ∞         Spirit   .   (no helmet)
rElec    +         Reflect  .   (no cloak)
rCorr    .         Harm     .   (no gloves)
MR       .....                  (no boots)
Stlth    ..........             (no amulet)
HPRegen  0.13/turn              (no ring)
MPRegen  0.10/turn              (no ring)

@: no status effects
A: negative energy resistance 1, electricity resistance, unbreathing,
petrification resistance, rot immunity, AC +4
a: no special abilities


You were on level 5 of the Dungeon.
You were near starving.

You visited 1 branch of the dungeon, and saw 5 of its levels.

You collected 158 gold pieces.

Inventory:

Hand Weapons
 a - a +0 war axe (weapon)
Armour
 b - a +0 scale mail (worn)
 B - a +0 shield (worn)
Scrolls
 f - a scroll of remove curse
Potions
 e - a potion of agility
 h - a potion of heal wounds {unknown}
 i - a potion of lignification {unknown}
 k - a potion of flight {unknown}
 n - a potion of berserk rage {unknown}
 o - a potion of mutation {unknown}
Comestibles
 c - 11 rations


   Skills:
 + Level 4.8 Fighting
 + Level 3.4 Axes
 + Level 4.8 Armour
 + Level 4.7 Shields


You had 5 spell levels left.
You didn't know any spells.
Your spell library was empty.

Dungeon Overview and Level Annotations

Branches:
Dungeon (4/15)
 Temple: D:4-7

Altars:
Hepliaklqana
Vehumet
The Shining One

Annotations:
D:4 gargbit's ghost, amateur GrWn
D:5 Dowan; Duvessa


Innate Abilities, Weirdness & Mutations

You are resistant to torment.
Your stone body is resilient. (AC +4)
You are immune to poison.
You resist negative energy. (rN+)
You are resistant to electric shocks. (rElec)
You can survive without breathing.
You are immune to petrification.
You are immune to rotting.


Message History

Duvessa is heavily wounded.
Duvessa closely misses you. Duvessa hits you but does no damage.
Dowan smirks and points a slender finger.
You closely miss Duvessa.
Duvessa is heavily wounded.
You hit Dowan. Duvessa barely misses you. Dowan hits you but does no damage.
Duvessa hits you with a +0 short sword.
* * * LOW HITPOINT WARNING * * *
You block Dowan's attack. Duvessa hits you with a +0 short sword.
* * * LOW HITPOINT WARNING * * *
You hit Duvessa but do no damage.
Duvessa is heavily wounded.
You closely miss Dowan. Duvessa hits you but does no damage.
Dowan barely misses you. Duvessa barely misses you.
You hit Duvessa but do no damage.
Duvessa is heavily wounded.
You hit Dowan. You block Duvessa's attack.
Dowan gestures at you while chanting. You resist with some effort.
Duvessa hits you with a +0 short sword.
You die...

#.#...####.####........#.
*****#.#...###........##.#..#.
*,,,........................§§
****,**##.#.....................§
,,,,,,,........................#§
********#..........#####.###.....
#.####.##.##***###*##....
#,*###.##e##....,,,,...#.
*,*#....@e.....#****.....
#...............,,,,,,.#.
#..###.##.##.#.#****,*,*,
********#.,* #.#*.#*,#,* *,*,*,
,,,,,,,..,,* #.#*.#*,*,*****,*,**
*******#*,,* #..,..,,,,,,,,,,,,,,
* *,,* ###*##,**,*,,,,,,,,* *
*,,* **,**,,,,,,,,,,, *
*,,*******,,,,,,,***,*,,,


You could see Duvessa and Dowan.

Vanquished Creatures
  Menkaure (D:5)
  A centaur skeleton (D:4)
  A worker ant (D:4)
  6 adders
  4 gnolls
  An ooze (D:4)
  A worm (D:2)
  2 dart slugs
  4 leopard geckos
  9 bats
  3 giant cockroaches
  4 goblins
  4 hobgoblins
  7 jackals
  3 quokkas
  2 ball pythons (D:1)
  6 frilled lizards
  4 kobolds
  11 rats
74 creatures vanquished.

Notes
Turn   | Place    | Note
-------+----------+-------------------------------------------
     0 | D:1      | Fang the Gargoyle Fighter began the quest for the Orb.
     0 | D:1      | Reached XP level 1. HP: 14/14 MP: 1/1
    84 | D:1      | Reached XP level 2. HP: 19/19 MP: 2/2
   219 | D:1      | Reached XP level 3. HP: 17/23 MP: 3/3
   817 | D:2      | Reached XP level 4. HP: 27/29 MP: 4/4
  1695 | D:3      | Found a hazy altar of Hepliaklqana.
  1810 | D:3      | Found a radiant altar of Vehumet.
  2037 | D:3      | Reached XP level 5. HP: 33/33 MP: 5/5
  2402 | D:3      | Found a glowing golden altar of the Shining One.
  2885 | D:4      | Found a transporter.
  2885 | D:4      | Noticed gargbit's ghost (amateur GrWn)
  2885 | D:4      | You fall into a shaft and drop 1 floor!
  2885 | D:5      | Entered Level 5 of the Dungeon
  2897 | D:5      | Reached XP level 6. HP: 33/39 MP: 6/6
  2911 | D:5      | Noticed Menkaure
  2919 | D:5      | Killed Menkaure
  3115 | D:5      | Noticed Dowan
  3119 | D:5      | Noticed Duvessa
  3136 | D:5      | Slain by Duvessa

Levels and vault maps discovered:
D:1:      sevenhm_arrival_forest_fort_small_6, layout_basic
D:2:      layout_basic
D:3:      layout_basic, overflow_temple_1_default, fiery_altar_vehumet,
          tso_altar
D:4:      layout_loops_cross, marbit_many_paths, serial_shops, kennysheep_mini,
          gammafunk_ghost_arena
D:5:      layout_basic, nicolae_overflow_hidden_temple, first_ration,
          evilmike_ruin_ashenzari, uniq_ijyb, uniq_menkaure, uniq_grinder,
          uniq_duvessa, uniq_eustachio

Skill      XL: |  1  2  3  4  5 |
---------------+----------------+-----
Axes           | 2 3 |  3.4
Armour         | 4 |  4.8
Fighting       | 4 |  4.8
Shields        | 4 |  4.7

Action                   |  1- 3 |  4- 6 || total
-------------------------+-------+-------++-------
Melee: War axe           |   108 |   156 ||   264
  Use: Scroll            |       |     5 ||     5
       Potion            |       |     1 ||     1
  Eat: Chunk             |       |     6 ||     6
Armor: Scale mail        |    74 |    92 ||   166
Dodge: Dodged            |    47 |    67 ||   114
Block: Shield            |    75 |   111 ||   186
